 Dungeon Sprint DCSS version 0.28-a0-863-g8cecda6153 (webtiles) character file.

Game seed: 7628319526370291281

226 emperorscorpion the Martial Artist (level 6, -12/50 HPs)
             Began as a Djinni Transmuter on Nov 17, 2021.
             Was an Initiate of Cheibriados.
             Mangled by a two-headed ogre (17 damage)
             ... in the Dungeon (Sprint IX: "|||||||||||||||||||||||||||||").
             The game lasted 00:01:48 (282 turns).

emperorscorpion the Martial Artist (DjTm)            Turns: 282, Time: 00:01:49

Health: -12/50     AC:  6    Str: 10    XL:     6   Next: 21%
Gold:   0          EV: 15    Int: 15    God:    Cheibriados [......] SH:  0 Dex: 20

rFire   x . .      SeeInvis .     - Unarmed
rCold   + + +      Faith    .   (shield currently unavailable)
rNeg    . . .      Spirit   .   (armour currently unavailable)
rPois   ∞          Reflect  .   (helmet currently unavailable)
rElec   .          Harm     .   (cloak currently unavailable)
rCorr   .          Rampage  .   (gloves currently unavailable)
Will    .....      NoTele   +   (boots unavailable)
Stlth   ++........              (no amulet)
HPRegen 0.16/turn               k - +2 ring of evasion
MPRegen 0.00/turn               l - +3 ring of dexterity

@: ice-form, wereblooded, flying, very slow
A: freezing attack, flying, boosted hp, sickness immunity, large, (fire
resistance 2), (cold vulnerability 1), float, innate caster, hp casting, extra
vitality 1
a: End Transformation, Renounce Religion


You were in the Dungeon.
You worshipped Cheibriados.
Cheibriados was noncommittal.
You were a creature of crystalline ice.
You visited 1 branch

Inventory:

Armour
 a - a +0 robe (melded)
 h - a +0 helmet (melded)
 i - a +0 pair of boots
 j - a +0 plate armour
Jewellery
 k - a +2 ring of evasion (left front paw)
 l - a +3 ring of dexterity (right front paw)
Wands
 g - a wand of iceblast (10)
Scrolls
 f - 2 scrolls of blinking
Potions
 b - 5 potions of curing
 c - 3 potions of heal wounds
 d - a potion of haste
 e - a potion of invisibility


   Skills:
 + Level 1.3 Fighting
 * Level 2.0 Armour
 + Level 5.5 Dodging
 + Level 1.1 Stealth
 + Level 9.1 Unarmed Combat
 + Level 4.4 Spellcasting
 * Level 2.0 Invocations


You couldn't memorise any spells.
You knew the following spells:

 Your Spells              Type           Power      Damage    Failure   Level
a - Beastly Appendage     Tmut           32%        N/A       2%          1
b - Wereblood             Tmut           16%        N/A       4%          2
c - Spider Form           Tmut/Pois      16%        N/A       9%          3
d - Ice Form              Ice/Tmut       16%        N/A       28%         4
e - Magic Dart            Conj           64%        1d6       2%          1
f - Corpse Rot            Necr/Air       32%        N/A       4%          2
Your spell library was empty.

Dungeon Overview and Level Annotations

Branches:
Dungeon (1/1)

Altars:
Cheibriados
Dithmenos
Elyvilon
Fedhas
Gozag
Hepliaklqana
Kikubaaqudgha
Makhleb
Nemelex Xobeh
Okawaru
Qazlal
Ru
Sif Muna
Trog
Uskayaw
Vehumet
Wu Jian
Xom
Yredelemnul
Zin
The Shining One
Beogh
Jiyva
Lugonu


Innate Abilities, Weirdness & Mutations

You are a creature of crystalline ice.
You have a powerful freezing melee attack.
You are flying.
Your maximum health is increased.
Your armour is entirely melded.
You are incapable of wielding weapons or throwing items.
You are immune to sickness and miasma.
You are immune to poison.
((Your flesh is very heat resistant. (rF++)))
((You are vulnerable to cold. (rC-)))
You float through the air rather than walking.
You learn spells naturally, not from books.
Your magical power is your life essence.
You have superior vitality. (+4 HP)


Message History

The wyvern hisses angrily.
You punch the centaur! You freeze the centaur.
The centaur is severely wounded.
The centaur closely misses you. The centaur kicks you.
You punch the centaur! You freeze the centaur.
You feel a bit better.
You kill the centaur!
Cheibriados thoroughly appreciates the change of pace.
You howl as the wereblood boils in your veins!
Your Armour skill gained 2 levels and is now at level 2!
Your Stealth skill increases to level 1!
Your Unarmed Combat skill increases to level 9!
Your Invocations skill gained 2 levels and is now at level 2!
You have reached level 6!
Your experience leads to an increase in your attributes!
Your base attributes are Str 9, Int 14, Dex 15.
Increase (S)trength, (I)ntelligence, or (D)exterity?
You feel agile.
You hit the two-headed ogre. You freeze the two-headed ogre.
The two-headed ogre is lightly wounded.
The two-headed ogre misses you. The two-headed ogre closely misses you.
You punch the two-headed ogre! You freeze the two-headed ogre.
The two-headed ogre is moderately wounded.
You hit the two-headed ogre. You freeze the two-headed ogre.
The two-headed ogre is moderately wounded.
The two-headed ogre completely misses you.
The two-headed ogre hits you with a +0 giant spiked club!
* * * LOW HITPOINT WARNING * * *
You hit the two-headed ogre. You freeze the two-headed ogre.
The two-headed ogre is heavily wounded.
The two-headed ogre completely misses you.
The two-headed ogre hits you with a +0 giant spiked club!
* * * LOW HITPOINT WARNING * * *
You completely miss the two-headed ogre.
The two-headed ogre is heavily wounded.
You howl as the wereblood boils in your veins!
The kobold demonologist miscasts a cantrip.
You hit the two-headed ogre. You freeze the two-headed ogre.
The two-headed ogre is heavily wounded.
The two-headed ogre hits you with a +0 giant spiked club!
You die... ▓▓▓▓▓▓▓▓▓▓▓▓▓▓▓▓▓▓▓▓▓▓▓▓ +.lKTZOY......)?!'______ ▓▓▓▓▓▓▓▓▓▓▓▓▓▓▓▓▓▓▓▓▓▓▓▓

You could see a two-headed ogre, a kobold demonologist, a troll, a wyvern and a giant cockroach zombie.

Vanquished Creatures
  A sky beast (D)
  A centaur (D)
  A howler monkey (D)
  An adder (D)
  A dart slug (D)
  An orc (D)
  A bat skeleton (D)
  A goblin (D)
  2 kobolds (D)
  A rat (D)
11 creatures vanquished.

Notes
Turn   | Place    | Note
-------+----------+-------------------------------------------
     0 | D        | emperorscorpion the Djinni Transmuter began the quest for
                  | the Orb.
     0 | D        | Reached XP level 1. HP: 17/17 MP: 0/0
    15 | D        | Reached skill level 4 in Unarmed Combat
    18 | D        | Reached XP level 2. HP: 11/22 MP: 0/0
   171 | D        | Noticed a sky beast
   171 | D        | Noticed a howler monkey
   177 | D        | Killed a howler monkey
   178 | D        | Reached skill level 6 in Unarmed Combat
   178 | D        | Reached XP level 3. HP: 24/27 MP: 0/0
   178 | D        | Learned a level 1 spell: Magic Dart
   181 | D        | Reached XP level 4. HP: 32/32 MP: 0/0
   185 | D        | Killed a sky beast
   186 | D        | Reached skill level 5 in Dodging
   186 | D        | Reached skill level 8 in Unarmed Combat
   186 | D        | Reached XP level 5. HP: 37/37 MP: 0/0
   186 | D        | Learned a level 2 spell: Corpse Rot
   192 | D        | Found a snail-covered altar of Cheibriados.
   192 | D        | Found a shadowy altar of Dithmenos.
   192 | D        | Found a white marble altar of Elyvilon.
   192 | D        | Found a blossoming altar of Fedhas.
   192 | D        | Found an opulent altar of Gozag.
   193 | D        | Found a hazy altar of Hepliaklqana.
   194 | D        | Found a viscous altar of Jiyva.
   196 | D        | Found a corrupted altar of Lugonu.
   197 | D        | Found a burning altar of Makhleb.
   198 | D        | Found a sparkling altar of Nemelex Xobeh.
   202 | D        | Became a worshipper of Cheibriados the Contemplative
   206 | D        | Found an iron altar of Okawaru.
   207 | D        | Found a stormy altar of Qazlal.
   208 | D        | Found a sacrificial altar of Ru.
   210 | D        | Found a bloodstained altar of Trog.
   211 | D        | Found a hide-covered altar of Uskayaw.
   213 | D        | Found an ornate altar of the Wu Jian Council.
   214 | D        | Found a shimmering altar of Xom.
   215 | D        | Found a basalt altar of Yredelemnul.
   216 | D        | Found a glowing silver altar of Zin.
   217 | D        | Found a glowing golden altar of the Shining One.
   273 | D        | Noticed a wyvern
   273 | D        | Noticed a kobold demonologist
   273 | D        | Noticed a troll
   273 | D        | Noticed a two-headed ogre
   273 | D        | Noticed a centaur
   276 | D        | Killed a centaur
   277 | D        | Reached skill level 1 in Stealth
   277 | D        | Reached skill level 9 in Unarmed Combat
   277 | D        | Reached XP level 6. HP: 20/42 MP: 0/0
   282 | D        | Mangled by a two-headed ogre

Illustrated notes

Levels and vault maps discovered:
D:        linesprint [early_d, line_temple, items_1, d_10, items_2, lair_1,
          lair_end, items_3, orc_1, orc_end, items_4, d_15, swamp_1, shoals_1,
          snake_1, spider_1, d_20, vaults_1, items_5, swamp_end, shoals_end,
          snake_end, spider_end, vaults_end, d_27, items_6, zot_1, zot_end,
          crypt_end, forest_end, elf_end, slime_end, tomb_end, abyss_end,
          pan_hell_end]

Skill      XL: |  1  2  3  4  5 |
---------------+----------------+-----
Unarmed Combat | 4 6 8 9 |  9.1
Spellcasting   | 2 3 4 |  4.4
Dodging        | 3 5 |  5.5
Armour         | 2 |  2.0
Stealth        | 1 |  1.1
Invocations    | 2 |  2.0
Fighting       | |  1.3

Action                   |  1- 3 |  4- 6 || total
-------------------------+-------+-------++-------
Melee: Unarmed           |    21 |    11 ||    32
       Headbutt          |     7 |     2 ||     9
 Cast: Beastly Appendage |     2 |       ||     2
       Wereblood         |     1 |     1 ||     2
       Ice Form          |       |     1 ||     1
  Use: Potion            |       |     1 ||     1
Armor: Robe              |     2 |       ||     2
Dodge: Dodged            |    13 |     8 ||    21

Table legend: (Time is in decaauts)
 A = Elapsed time spent in this place.
 B = Non-inter-level travel time spent in this place.
 C = Inter-level travel time spent in this place.
 D = Time resting spent in this place.
 E = Time spent auto-exploring this place.
 F = Levels seen in this place.
 G = Mean time per level.
                   A        B        C        D        E       F      G
               +--------+--------+--------+--------+--------+-----+--------+
         Total |    296 |    296 |      0 |    146 |      0 |   1 |  296.0 |
       Dungeon |    296 |    296 |      0 |    146 |      0 |   1 |  296.0 |
               +--------+--------+--------+--------+--------+-----+--------+

Top non-repeatable levels by time:
       D: 296 daAuts
